AoeStats
← Bobbmon

Arabia

504608227Analyzed
1v1 RM · 27d ago on Sep 5, 2026· 33m 44s· 2 players
Game mode
Random Map
Map size
Tiny (2 player)
Population
200
Speed
Normal
Resources
Standard
Victory
Conquest
Starting age
Dark Age
Ending age
Imperial Age
RankedLock teamsTeams togetherTeam positionsShared explorationLock speedFull tech treeHidden civsTurbo modeCheats
Victory
Defeat
🇧🇷 Franks · Brazil
1137
+15
🇸🇪 Vietnamese · Sweden
1125
-15
Bobbmon
6:44 Loom
9:19 Feudal Age
11:01 Double-Bit Axe
10:58 Horse Collar
16:39 Gold Mining
16:54 Fletching
17:05 Padded Archer Armor
23:57 Castle Age
24:41 Scale Mail Armor
25:11 Leather Archer Armor
24:52 Bodkin Arrow
24:57 Elite Skirmisher
25:57 Squires
27:30 Bow Saw
28:23 Forging
30:34 Wheelbarrow
31:09 Chain Mail Armor
31:30 Iron Casting
Marcos Alves
0:55 Loom
10:45 Feudal Age
11:36 Double-Bit Axe
18:25 Wheelbarrow
19:33 Fletching
19:44 Padded Archer Armor
24:43 Castle Age
23:08 Gold Mining
23:46 Scale Barding Armor
23:52 Forging
25:59 Chain Barding Armor
30:41 Stone Mining
Connection lost

Rejoining the realm…

Still unreachable

The connection could not be restored.

Session expired

The server has moved on; the page needs a fresh start.